 Dungeon Sprint DCSS version 0.29-a0-1033-gb6c65ffae6 (webtiles) character file.

Game seed: 14744620865797571878

4040 mhtbhm the Eclecticist (level 10, -5/52 HPs)
             Began as a Deep Elf Fire Elementalist on Aug 14, 2022.
             Was a High Priest of Vehumet.
             Slain by a cane toad (15 damage)
             ... in the Dungeon (Sprint III: "The Ten Rune Challenge").
             The game lasted 00:05:25 (2070 turns).

mhtbhm the Eclecticist (Deep Elf Fire Elementalist) Turns: 2070, Time: 00:05:25

Health: -5/52      AC:  4    Str:  5    XL:     10   Next: 4%
Magic:  32/35      EV: 15    Int: 25    God:    Vehumet [*****.]
Gold:   32         SH:  0    Dex: 15    Spells: 34/47 levels left

rFire   . . .      SeeInvis .   (no weapon)
rCold   . . .      Faith    .   (no shield)
rNeg    . . .      Spirit   .   a - +0 robe
rPois   .          Reflect  .   (helmet restricted)
rElec   .          Harm     .   (no cloak)
rCorr   .          Rampage  .   (no gloves)
Will    +....      NoTele   +   (no boots)
Stlth   ++........              (no amulet)
HPRegen 0.17/turn               (no ring)
MPRegen 0.24/turn               (no ring)

@: very slow
A: horns 1, iridescent scales 1, sense surroundings 1
a: Renounce Religion


You were in the Dungeon.
You worshipped Vehumet.
Vehumet was extremely pleased with you.
You visited 1 branch You collected 32 gold pieces.

Inventory:

Hand Weapons
 h - a +0 dagger of electrocution
Armour
 a - a +0 robe (worn)
Wands
 e - a wand of flame (16)
 r - a wand of mindburst (16)
Scrolls
 d - a scroll of torment {unknown}
 i - a scroll of magic mapping {unknown}
 k - a scroll of poison {unknown}
 l - a scroll of identify {unknown}
Potions
 b - 3 potions of magic
 f - a potion of berserk rage
 j - a potion of lignification {unknown}
 m - 2 potions of flight
 n - 2 potions of mutation
 p - a potion of might
Miscellaneous
 q - a tin of tremorstones (2/2)


   Skills:
 + Level 1.5 Fighting
 + Level 7.1 Dodging
 + Level 7.4 Stealth
 + Level 19.3 Spellcasting
 + Level 5.9 Conjurations
 + Level 16.7 Fire Magic
 + Level 1.0 Evocations


You had 34 spell levels left.
You knew the following spells:

 Your Spells              Type           Power      Damage    Failure   Level
a - Foxfire               Conj/Fire      100%       2x1d9     0%          1
b - Scorch                Fire           100%       2d10      0%          2
c - Conjure Flame         Conj/Fire      69%        6-21      1%          3
d - Inner Flame           Hex/Fire       60%        N/A       1%          3
e - Flame Wave            Conj/Fire      69%        2d16      1%          4

Your spell library contained the following spells:

 Spells                   Type           Power      Damage    Failure   Level
 Lee's Rapid Deconstruct  Erth           12%        3d9*      13%         5
 Slow                     Hex            96%        N/A       1%          1
 Confusing Touch          Hex            24%        N/A       5%          3
 Vampiric Draining        Necr           24%        2d7       5%          3


Dungeon Overview and Level Annotations

Branches:
Dungeon (1/1)

Altars:
Cheibriados
Dithmenos
Elyvilon
Fedhas
Gozag
Hepliaklqana
Kikubaaqudgha
Makhleb
Nemelex Xobeh
Okawaru
Qazlal
Ru
Sif Muna
Trog
Uskayaw
Vehumet
Wu Jian
Xom
Yredelemnul
Zin
The Shining One
Jiyva
Lugonu


Innate Abilities, Weirdness & Mutations

You have a pair of small horns on your head.
You are partially covered in iridescent scales. (AC +2)
You passively map a small area around you.


Message History

A wave of flame ripples out!
The flame wave engulfs the cane toad!
The cane toad is heavily wounded.
The flame wave engulfs the cane toad!
The cane toad is moderately wounded.
The tree burns like a torch!
You feel very sick. The cane toad stings you!
* * * LOW HITPOINT WARNING * * *
You are more poisoned.
The cane toad poisons you!
The forest fire spreads!
Unknown command.
Okay, then.
Unknown command.
Okay, then.
A wave of flame ripples out!
The flame wave engulfs the cane toad!
The cane toad is heavily wounded.
The flame wave engulfs the cane toad!
The cane toad is severely wounded.
The flame wave engulfs the komodo dragon!!
The komodo dragon is burned terribly!
The komodo dragon is almost dead.
The tree burns like a torch!
* * * LOW HITPOINT WARNING * * *
You feel extremely sick.
You hear a roar!
You hear an angry hiss.
The cane toad is engulfed in a forest fire.
You kill the cane toad!
Vehumet accepts your kill.
Vehumet offers you knowledge of Lee's Rapid Deconstruction.
You feel your power returning. The cane toad closely misses you.
The komodo dragon is engulfed in a forest fire.
You kill the komodo dragon!
Vehumet accepts your kill.
You feel your power returning.
Your Spellcasting skill increases to level 19!
You have reached level 10!
You feel better.
The cane toad is engulfed in blazing flames.
The cane toad stings you!
You die...

~~~♣♣♣..'.⌠........# *, *
≈≈~~~♣..#...######'# * *
≈~~~....#.⌠.#__#..)#+############
~~~.....#...#__#..)#....#.#.#....
~.......#)###__#...##.#..#.##.###
........#)..#__#...'##.#.#.##)#.)
........#___#__'...#.).#..#..##..
▓▓▓▓▓▓▓▓▓▓▓▓▓▓▓▓▓▓▓▓▓▓▓▓▓▓▓▓▓▓▓▓▓
~* , , ♣§§§@§§........~~~... **
~+§§F§§§≈≈≈≈≈≈≈≈≈≈♣♣P. ~
#§§§§§§§♣♣♣♣♣♣♣♣♣♣♣PP * #..§§§§§♣
♣♣♣ ###+♣♣♣♣♣* * * * * * * , * ,
, , * * * ~ ** * *


You could see a cane toad.

Vanquished Creatures
  Erolcha (D)
  A deep elf pyromancer (D)
  A cane toad (D)
  A komodo dragon (D)
  3 wandering mushrooms (D)
  A shadow (D)
  2 redbacks (D)
  A spatial vortex (D)
  5 two-headed ogres (D)
  A necrophage (D)
  A water elemental (D)
  A jelly (D)
  Jessica (D)
  A wizard (D)
  A necromancer (D)
  3 humans (D)
  A kobold demonologist (D)
  A wolf (D)
  An endoplasm (D)
  2 rats (D)
30 creatures vanquished.

Vanquished Creatures (others)
  25 foxfires (D)
  A plant (D)
26 creatures vanquished.

Grand Total: 56 creatures vanquished

Notes
Turn   | Place    | Note
-------+----------+-------------------------------------------
     0 | D        | mhtbhm the Deep Elf Fire Elementalist began the quest for
                  | the Orb.
     0 | D        | Reached XP level 1. HP: 10/10 MP: 6/6
   156 | D        | Noticed Jessica
   284 | D        | Killed Jessica
   285 | D        | Reached skill level 4 in Spellcasting
   285 | D        | Reached skill level 5 in Fire Magic
   285 | D        | Reached XP level 2. HP: 11/15 MP: 1/9
   285 | D        | Reached XP level 3. HP: 14/19 MP: 1/11
   389 | D        | Reached skill level 5 in Spellcasting
   427 | D        | Learned a level 2 spell: Scorch
   431 | D        | Learned a level 3 spell: Conjure Flame
   435 | D        | Learned a level 3 spell: Inner Flame
   589 | D        | Gained mutation: You are somewhat resistant to further
                  | mutation. [potion of mutation]
   589 | D        | Gained mutation: You occasionally lose the ability to drink
                  | potions when taking damage. [potion of mutation]
   590 | D        | Lost mutation: You occasionally lose the ability to drink
                  | potions when taking damage. [potion of mutation]
   590 | D        | Lost mutation: You are somewhat resistant to further
                  | mutation. [potion of mutation]
   590 | D        | Gained mutation: You sometimes lose your temper in combat.
                  | [potion of mutation]
   590 | D        | Gained mutation: Your system is resistant to poisons.
                  | (rPois) [potion of mutation]
   595 | D        | Lost mutation: You sometimes lose your temper in combat.
                  | [potion of mutation]
   595 | D        | Lost mutation: Your system is resistant to poisons. (rPois)
                  | [potion of mutation]
   595 | D        | Gained mutation: You are partially covered in iridescent
                  | scales. (AC +2) [potion of mutation]
   595 | D        | Gained mutation: You have a pair of small horns on your
                  | head. [potion of mutation]
   595 | D        | Gained mutation: You passively map a small area around you.
                  | [potion of mutation]
   645 | D        | Noticed a water elemental
   646 | D        | Killed a water elemental
   647 | D        | Reached skill level 6 in Spellcasting
   647 | D        | Reached XP level 4. HP: 24/24 MP: 10/14
   681 | D        | Found a radiant altar of Vehumet.
   681 | D        | Found a shimmering blue altar of Sif Muna.
   681 | D        | Found an ancient bone altar of Kikubaaqudgha.
   681 | D        | Noticed a wizard
   685 | D        | Reached skill level 7 in Spellcasting
   685 | D        | Killed a wizard
   686 | D        | Reached XP level 5. HP: 28/28 MP: 6/17
   692 | D        | Learned a level 4 spell: Flame Wave
   700 | D        | Became a worshipper of Vehumet
   790 | D        | Found a glowing silver altar of Zin.
   790 | D        | Found a glowing golden altar of the Shining One.
   790 | D        | Found a white marble altar of Elyvilon.
   790 | D        | Noticed a deep elf pyromancer
   793 | D        | Killed a deep elf pyromancer
   794 | D        | Reached skill level 5 in Dodging
   794 | D        | Reached skill level 12 in Spellcasting
   794 | D        | Reached XP level 6. HP: 3/33 MP: 12/23
   794 | D        | Reached XP level 7. HP: 4/37 MP: 12/24
  1072 | D        | Found a hide-covered altar of Uskayaw.
  1072 | D        | Found an iron altar of Okawaru.
  1072 | D        | Found a bloodstained altar of Trog.
  1072 | D        | Found an ornate altar of the Wu Jian Council.
  1072 | D        | Noticed a human
  1072 | D        | Noticed a human
  1076 | D        | Killed a human
  1077 | D        | Killed a human
  1077 | D        | Reached * piety under Vehumet
  1077 | D        | Offered knowledge of Magic Dart by Vehumet.
  1078 | D        | Reached skill level 1 in Fighting
  1078 | D        | Reached skill level 13 in Spellcasting
  1137 | D        | Found a basalt altar of Yredelemnul.
  1137 | D        | Found a shadowy altar of Dithmenos.
  1137 | D        | Found a sacrificial altar of Ru.
  1181 | D        | Noticed a shadow
  1184 | D        | Killed a shadow
  1184 | D        | Offered knowledge of Shock by Vehumet.
  1184 | D        | Reached ** piety under Vehumet
  1185 | D        | Reached skill level 14 in Spellcasting
  1185 | D        | Reached XP level 8. HP: 43/43 MP: 22/28
  1217 | D        | Found a blossoming altar of Fedhas.
  1217 | D        | Found a stormy altar of Qazlal.
  1218 | D        | Found a snail-covered altar of Cheibriados.
  1218 | D        | Found a burning altar of Makhleb.
  1218 | D        | Found a hazy altar of Hepliaklqana.
  1218 | D        | Found a shimmering altar of Xom.
  1218 | D        | Found an opulent altar of Gozag.
  1218 | D        | Found a sparkling altar of Nemelex Xobeh.
  1218 | D        | Found a corrupted altar of Lugonu.
  1218 | D        | Found a viscous altar of Jiyva.
  1403 | D        | Offered knowledge of Static Discharge by Vehumet.
  1404 | D        | Reached skill level 15 in Spellcasting
  1411 | D        | Reached *** piety under Vehumet
  1413 | D        | Reached skill level 5 in Conjurations
  1646 | D        | Noticed a two-headed ogre
  1652 | D        | Killed a two-headed ogre
  1652 | D        | Offered knowledge of Iskenderun's Mystic Blast by Vehumet.
  1653 | D        | Reached skill level 16 in Spellcasting
  1785 | D        | Noticed a two-headed ogre
  1785 | D        | Noticed Erolcha
  1788 | D        | Killed Erolcha
  1789 | D        | Reached skill level 17 in Spellcasting
  1789 | D        | Reached skill level 15 in Fire Magic
  1789 | D        | Reached XP level 9. HP: 47/47 MP: 26/32
  1792 | D        | Killed a two-headed ogre
  1792 | D        | Reached **** piety under Vehumet
  1932 | D        | Offered knowledge of Airstrike by Vehumet.
  1933 | D        | Reached skill level 18 in Spellcasting
  1948 | D        | Noticed a wandering mushroom
  1952 | D        | Noticed a wandering mushroom
  1956 | D        | Killed a wandering mushroom
  1957 | D        | Reached skill level 1 in Evocations
  1957 | D        | Noticed a wandering mushroom
  1965 | D        | Killed a wandering mushroom
  1965 | D        | Reached ***** piety under Vehumet
  1970 | D        | Killed a wandering mushroom
  2065 | D        | Noticed a cane toad
  2065 | D        | Noticed a komodo dragon
  2065 | D        | Noticed a cane toad
  2069 | D        | HP: 1/47 [poisoned by a cane toad]
  2069 | D        | Killed a cane toad
  2069 | D        | Offered knowledge of Lee's Rapid Deconstruction by Vehumet.
  2069 | D        | Killed a komodo dragon
  2070 | D        | Reached skill level 19 in Spellcasting
  2070 | D        | Reached XP level 10. HP: 2/52 MP: 31/35
  2070 | D        | Slain by a cane toad

Illustrated notes

Levels and vault maps discovered:
D:        dungeon_sprint_mu [sprint_mu_entry_forest, sprint_mu_temple_rooms,
          sprint_mu_d1_spiders, sprint_mu_d2_genie, sprint_mu_d3_branching,
          sprint_mu_orc_legion, sprint_mu_elf_gauntlet, sprint_mu_hive_nellie,
          sprint_mu_lair_fedhas, sprint_mu_vaults_butterflies,
          sprint_mu_slime_circle, sprint_mu_swamp_cave, sprint_mu_shoals_kraken,
          sprint_mu_blade_basic, sprint_mu_crypt_fortress,
          sprint_mu_tomb_spiral, sprint_mu_vestibule_basic,
          sprint_mu_gehenna_hellfire, sprint_mu_dis_giant,
          sprint_mu_tartarus_statrot, sprint_mu_cocytus_islands, sprint_mu_zot1]

Skill      XL: |  1  2  3  4  5  6  7  8  9 |
---------------+----------------------------+-----
Fire Magic     | 5 7 8 11 12 15 16 | 16.7
Dodging        | 3 4 5 6 7 |  7.1
Stealth        | 3 4 6 7 |  7.4
Spellcasting   | 4 6 7 12 14 17 19 | 19.3
Conjurations   | 2 4 5 |  5.9
Fighting       | 1 |  1.5
Evocations     | 1 |  1.0

Action                   |  1- 3 |  4- 6 |  7- 9 | 10-12 || total
-------------------------+-------+-------+-------+-------++-------
 Cast: Foxfire           |    14 |       |     1 |       ||    15
       Scorch            |     4 |     7 |    36 |       ||    47
       Flame Wave        |       |       |    10 |       ||    10
Evoke: Wand              |       |       |     1 |       ||     1
  Use: Potion            |     4 |       |     2 |     1 ||     7
       Scroll            |       |       |     1 |       ||     1
Armor: Robe              |     1 |       |       |       ||     1
Dodge: Dodged            |     4 |     3 |    13 |       ||    20

Table legend: (Time is in decaauts)
 A = Elapsed time spent in this place.
 B = Non-inter-level travel time spent in this place.
 C = Inter-level travel time spent in this place.
 D = Time resting spent in this place.
 E = Time spent auto-exploring this place.
 F = Levels seen in this place.
 G = Mean time per level.
                   A        B        C        D        E       F      G
               +--------+--------+--------+--------+--------+-----+--------+
         Total |   2059 |   2059 |      0 |   1672 |      7 |   1 | 2059.0 |
       Dungeon |   2059 |   2059 |      0 |   1672 |      7 |   1 | 2059.0 |
               +--------+--------+--------+--------+--------+-----+--------+

Top non-repeatable levels by time:
       D: 2059 daAuts
